 Dungeon Crawl Stone Soup version 0.22-a0-833-g8522bf8 (webtiles) character file.

113 Amnesiac the Magician (level 4, 0/30 HPs)
             Began as a Mummy Earth Elementalist on July 25, 2018.
             Slain by a hound (1 damage)
             ... on level 4 of the Dungeon.
             The game lasted 00:02:25 (1586 turns).

Amnesiac the Magician (Mummy Earth Elementalist)    Turns: 1586, Time: 00:02:25

Health: 0/30       AC:  2    Str: 11    XL:     4   Next: 65%
Magic:  2/10       EV: 12    Int: 15    God:
Gold:   65         SH:  0    Dex: 12    Spells: 1/11 levels left

rFire    x . .     SeeInvis +   a - +0 dagger
rCold    + . .     Gourm    .   (no shield)
rNeg     + + +     Faith    .   c - +0 robe
rPois    ∞         Spirit   .   (no helmet)
rElec    .         Reflect  .   (no cloak)
rCorr    .         Harm     .   (no gloves)
MR       .....                  (no boots)
Stlth    ++........             (no amulet)
HPRegen  0.10/turn              d - ring of see invisible (curse)
MPRegen  0.12/turn              (no ring)

@: very slightly contaminated
A: no food or potions, fire vulnerability, cold resistance 1, negative energy
resistance 3, torment resistance, unbreathing
a: no special abilities


You were on level 4 of the Dungeon.
You were not hungry.

You visited 1 branch of the dungeon, and saw 4 of its levels.

You collected 65 gold pieces.

Inventory:

Hand Weapons
 a - a +0 dagger (weapon)
Armour
 c - a +0 robe (worn)
Magical Staves
 b - an uncursed staff of air
Jewellery
 d - a cursed ring of see invisible (left hand)
Wands
 f - a wand of enslavement (12)
Scrolls
 e - a scroll of fog {!r, unknown}
 g - a scroll of fear {!r, unknown}
 h - a scroll of remove curse {!r}


   Skills:
 - Level 1.5 Dodging
 - Level 1.5 Stealth
 + Level 4.0 Spellcasting
 - Level 0.7 Transmutations
 * Level 4.0 Earth Magic


You had one spell level left.
You knew the following spells:

 Your Spells              Type           Power        Failure   Level  Hunger
a - Stone Arrow           Conj/Erth      #.....       24%         3    N/A
b - Passwall              Tmut/Erth      ##......     11%         2    N/A
c - Sandblast             Erth           ###...       3%          1    N/A
e - Petrify               Tmut/Erth      ##......     56%         4    N/A

Your spell library contained the following spells:

 Spells                   Type           Power        Failure   Level  Hunger
 Lee's Rapid Deconstruct  Erth           ###.......   67%         5    N/A

Dungeon Overview and Level Annotations

Branches:
Dungeon (4/15)
 Temple: D:4-7

Altars:
Nemelex Xobeh

Shops:
D:4 (


Innate Abilities, Weirdness & Mutations

You do not eat or drink.
Your flesh is vulnerable to fire.
You are immune to poison.
Your flesh is cold resistant. (rC+)
You are immune to negative energy. (rN+++)
You are immune to unholy pain and torment.
You can survive without breathing.


Message History

The hound barely misses you. The hound bites you but does no damage.
You hit the hound but do no damage.
The hound is severely wounded.
The hound barely misses you.
You closely miss the hound.
The hound is severely wounded.
The hound bites you but does no damage. The hound closely misses you.
You hit the hound.
The hound is severely wounded.
The hound bites you.
You closely miss the hound.
The hound is severely wounded.
The hound closely misses you. The hound barely misses you.
You closely miss the hound.
The hound is heavily wounded.
The hound misses you. The hound barely misses you.
The hound closely misses you. The hound barely misses you.
There is an open door here.
The hound bites you.
Casting: Stone Arrow (safe; 24% risk of failure)
Confirm with . or Enter, or press ? or * to list all spells.
Aiming: Stone Arrow (safe; 24% risk of failure)
Press: ? - help, Shift-Dir - straight line, f/p - hound
Aim: a hound (heavily wounded)
You miscast Stone Arrow.
The floor vibrates.
The hound bites you.
Unknown command.
You closely miss the hound.
The hound is heavily wounded.
The hound closely misses you. The hound barely misses you.
You hit the hound.
The hound is severely wounded.
The hound bites you.
You hit the hound.
The hound is severely wounded.
The hound bites you.
* * * LOW HITPOINT WARNING * * *
The hound barely misses you.
You closely miss the hound.
The hound is severely wounded.
The hound bites you.
* * * LOW HITPOINT WARNING * * *
You barely miss the hound.
The hound is severely wounded.
The hound closely misses you. The hound bites you.
* * * LOW HITPOINT WARNING * * *
The hound barely misses you. The hound closely misses you.
Casting: Stone Arrow (safe; 24% risk of failure)
Confirm with . or Enter, or press ? or * to list all spells.
You don't have enough magic to cast that spell.
The hound stops to sniff the ground.
The hound closely misses you. The hound bites you.
* * * LOW HITPOINT WARNING * * *
The hound bites you.
* * * LOW HITPOINT WARNING * * *
Really read
i - a scroll labeled COOTO OTRU {!r}?
As you read the scroll labeled COOTO OTRU {!r}, it crumbles to dust.
It is a scroll of identify.
h - a scroll of remove curse {!r} The hound bites you.
You die...

#...........# #........)..#
#......<)...#
#......##'#########
#.................. ##########
##+##+#.#.######### ..........
#.#.#..######### #......#
#.#.##..........
#......#########@#.####........
'......'.......#h#....'........
#......#.....#.#.######........
#......#.....#...# #........
#......#.....##..# #........
......##.....##..# #........
.#....##########.######........
......'............>...########
.∩.#..##########..............


You could see a hound.

Vanquished Creatures
  Natasha (D:3)
  2 worker ants
  An adder (D:4)
  An ooze (D:4)
  2 orcs
  2 giant cockroaches (D:1)
  5 goblins
  2 hobgoblins (D:1)
  A kobold (D:1)
  2 quokkas (D:4)
  3 bats (D:1)
  A leopard gecko skeleton (D:4)
  7 rats
30 creatures vanquished.

Notes
Turn   | Place    | Note
-------+----------+-------------------------------------------
     0 | D:1      | Amnesiac the Mummy Earth Elementalist began the quest for the Orb.
     0 | D:1      | Reached XP level 1. HP: 13/13 MP: 4/4
   134 | D:1      | You fall through a shaft!
   134 | D:2      | Noticed an orc priest
   136 | D:2      | Reached XP level 2. HP: 19/19 MP: 2/5
   696 | D:2      | Found a sparkling altar of Nemelex Xobeh.
   709 | D:1      | Reached XP level 3. HP: 15/24 MP: 0/7
   713 | D:1      | Learned a level 2 spell: Passwall
   717 | D:1      | Learned a level 3 spell: Stone Arrow
   907 | D:3      | Noticed Natasha
  1015 | D:3      | Killed Natasha
  1015 | D:3      | Reached XP level 4. HP: 8/30 MP: 0/9
  1229 | D:3      | Learned a level 4 spell: Petrify
  1483 | D:4      | Found Decsis's Antique Weapon Boutique.
  1584 | D:4      | HP: 1/30 [hound (2)]
  1586 | D:4      | Slain by a hound

Vault maps used:
D:1:      lightli_arrival_statuegarden
D:2:      nemelex_xobeh_ov_fountains_minmay, first_ration,
          minmay_misc_feat_hallway, kennysheep_pointless_box, uniq_robin
D:3:      grunt_temple_overflow_champion_of_chaos, minmay_ruptured, uniq_ijyb,
          uniq_jessica, uniq_natasha
D:4:      yredelemnul_altar_generic, lemuel_doored_altar, serial_shops,
          kennysheep_mini_moat, shop_coins, nicolae_shop_stone, uniq_sigmund,
          uniq_crazy_yiuf_cottage

Skill      XL: |  1  2  3  4 |
---------------+-------------+-----
Spellcasting   | 3 4 |  4.0
Earth Magic    | 3 4 |  4.0
Dodging        | |  1.5
Stealth        | |  1.5
Transmutations | |  0.7

Action                   |  1- 3 |  4- 6 || total
-------------------------+-------+-------++-------
Melee: Unarmed           |     3 |       ||     3
       Dagger            |    47 |    12 ||    59
 Cast: Sandblast         |    30 |       ||    30
       Stone Arrow       |       |    11 ||    11
  Use: Scroll            |       |     1 ||     1
 Stab: Sleeping          |     1 |       ||     1
Armor: Robe              |    22 |     2 ||    24
Dodge: Dodged            |    59 |    22 ||    81

Table legend:
 A = Spawn XP
 B = Non-spawn XP
 C = Spawn XP percentage of total XP
 D = Spawn monster count
 E = Non-spawn monster count
 F = Spawn count percentage of total count
 G = Total turns spent on level
                    A         B        C        D         E        F      G
               +---------+---------+-------+---------+---------+-------+---------
         Total |       0 |     162 |   0.0 |       0 |      30 |   0.0 |  1586
               +---------+---------+-------+---------+---------+-------+---------
           D:1 |       0 |      63 |   0.0 |       0 |      19 |   0.0 |   805
           D:2 |       0 |       3 |   0.0 |       0 |       1 |   0.0 |    22
           D:3 |       0 |      37 |   0.0 |       0 |       3 |   0.0 |   143
           D:4 |       0 |      59 |   0.0 |       0 |       7 |   0.0 |   616
               +---------+---------+-------+---------+---------+-------+---------
